 Dungeon Crawl Stone Soup version 0.16.1-2-g95b8d4c (webtiles) character file.

870 Crauler the Insei (level 7, -9/57 HPs)
             Began as a Green Draconian Transmuter on Mar 26, 2015.
             Mangled by an orc warrior
             ... wielding a cursed -3 halberd
              (15 damage)
             ... on level 5 of the Dungeon.
             The game lasted 00:19:14 (4643 turns).

Crauler the Insei (Green Draconian Transmuter)      Turns: 4643, Time: 00:19:14

Health: -9/57      AC:  2    Str: 10    XL:     7   Next: 73%
Magic:  14/15      EV: 21    Int: 15    God:
Gold:   240        SH:  0    Dex: 17    Spells: 2 memorised, 9 levels left

rFire  . . .     SeeInvis .     c - melded +0 dagger
rCold  . . .     Clarity  .     (armour unavailable)
rNeg   . . .     SustAb   .     (shield currently unavailable)
rPois  x         Gourm    .     (helmet currently unavailable)
rElec  .         Spirit   .     m - melded +0 cloak
rCorr  .         Warding  .     e - melded +0 pair of gloves
rMut   .         Stasis   +     (boots currently unavailable)
MR     .....                    q - amulet of stasis (curse)
Stlth  ++........               (no ring)
                                s - ring of invisibility

@: spider-form, not resistant to hostile enchantments, unstealthy
A: (breathe noxious fumes), unfitting armour, (big wings), (talons 0), (cold
resistance 0), (poison resistance), weak 1, wild magic 1, (cold-blooded),
forlorn, AC +6
a: End Transformation, Evoke Invisibility


You were on level 5 of the Dungeon.
You were not hungry.
You were a venomous arachnid creature.
You visited 2 branches of the dungeon, and saw 6 of its levels.

You collected 240 gold pieces.

Inventory:

Hand weapons
 c - a +0 dagger (melded)
Missiles
 b - 111 stones (quivered)
Armour
 e - a +0 pair of gloves (melded)
 m - a +0 cloak (melded)
Jewellery
 k - an uncursed ring of sustain abilities
 q - a cursed amulet of stasis (around neck)
 r - an uncursed ring of teleportation
 s - a ring of invisibility (left front leg)
Magical devices
 u - a wand of paralysis (11)
 w - a wand of fireball (1)
 B - a wand of cold (10)
Scrolls
 f - 2 scrolls of fear
 n - 3 scrolls of identify
 t - 2 scrolls of teleportation
 y - 2 scrolls of amnesia {unknown}
Potions
 j - 3 potions of haste
 l - a potion of flight {unknown}
 p - 2 potions of might
 v - a potion of invisibility {unknown}
 z - a potion of agility {unknown}
 A - a potion of curing
Books
 d - a book of Changes

   Spells                             Type                      Level
   a - Beastly Appendage              Transmutation                1
   b - Sticks to Snakes               Transmutation                2
   c - Spider Form                    Transmutation/Poison         3
   d - Ice Form                       Ice/Transmutation            4
   e - Blade Hands                    Transmutation                5
 o - a book of the Sky

   Spells                             Type                      Level
   a - Flight                         Charms/Air                   3
   b - Airstrike                      Air                          4
   c - Silence                        Hexes/Air                    5
   d - Deflect Missiles               Charms/Air                   6
   e - Conjure Ball Lightning         Conjuration/Air              6
   f - Tornado                        Air                          9
Comestibles
 a - 3 bread rations
 g - 3 fruits
 h - a beef jerky
 i - 2 meat rations
 x - 3 chunks of flesh


   Skills:
 + Level 3.2 Fighting
 + Level 3.3 Dodging
 * Level 5.5 Unarmed Combat
 + Level 3.6 Spellcasting
 * Level 5.2 Transmutations


You had 9 spell levels left.
You knew the following spells:

 Your Spells              Type           Power        Failure   Level  Hunger
a - Beastly Appendage     Trmt           ####..       16%         1    None
b - Spider Form           Trmt/Pois      ###.......   56%         3    ###....


Dungeon Overview and Level Annotations

Branches:
Dungeon (5/15)             Temple (1/1) D:4

Altars:
Ashenzari
Dithmenos
Fedhas
Kikubaaqudgha
Okawaru
Ru
Trog
Vehumet
Xom
Yredelemnul
Zin


Innate Abilities, Weirdness & Mutations

((You can breathe blasts of noxious fumes.))
((Your lurid green scales are hard (AC +6).))
Your body does not fit into most forms of armour.
((Your system is resistant to poisons.))
((Your cold-blooded metabolism reacts poorly to cold.))
((Your wings are large and strong.))
((You have sharp toenails.))
((Your flesh is cold resistant.))
You are weak. (Str -2)
Your spells are a little harder to cast, but a little more powerful.
You have difficulty communicating with the divine.


Message History

The orc warrior misses you.
You hit the orc warrior but do no damage.
The orc warrior is poisoned.
The shadow imp completely misses you. The quokka misses you.
You hit the orc warrior.
The orc warrior looks even sicker.
The orc warrior is moderately wounded.
The orc warrior completely misses you.
The orc wizard gestures wildly while chanting.
The orc wizard seems to speed up.
The quokka completely misses you. The shadow imp barely misses you.
You hit the orc warrior but do no damage.
The orc warrior is moderately wounded.
The quokka barely misses you.
The orc warrior hits you with a halberd!
* * * LOW HITPOINT WARNING * * *
The shadow imp hits you.
* * * LOW HITPOINT WARNING * * *
Unknown command.
The orc warrior hits you from afar with a halberd!
You die...

#.##.# #.##.##########
#.###......>......#
#............####.#
#####.######.# #.# #.#
#.####.#.# #.# #.........
##.######.######<####....
........s5.......# ###.#
##.####.r..#####.# .#
#.#oo#####.# .#
)..#oo......# .
#####....##### # #.##.#
###... ..... .......


You could see an orc warrior, an orc wizard, a shadow imp, 2 orcs and a quokka.

Vanquished Creatures
  Grinder (D:4)
  Menkaure (D:4)
  An ogre (D:4)
  Blork the orc (D:4)
  A crimson imp (D:5)
  A giant frog zombie (D:4)
  A hound (D:4)
  2 centaur skeletons (D:4)
  An orc wizard (D:4)
  2 worker ants (D:5)
  A hound skeleton (D:4)
  5 adders
  A gnoll (D:1)
  A giant mite (D:2)
  3 worms
  4 giant geckos
  2 oozes
  5 orcs
  A ball python (D:1)
  A bat zombie (D:5)
  6 giant cockroaches
  11 hobgoblins
  11 jackals
  11 kobolds
  2 quokkas
  9 bats
  A giant gecko zombie (D:5)
  3 giant newts
  9 goblins
  13 rats
  2 fungi (D:3)
114 creatures vanquished.

Vanquished Creatures (others)
  A scorpion (D:4)
1 creature vanquished.

Grand Total: 115 creatures vanquished

Notes
Turn   | Place    | Note
--------------------------------------------------------------
     0 | D:1      | Crauler, the Draconian Transmuter, began the quest for the Orb.
     0 | D:1      | Reached XP level 1. HP: 16/16 MP: 3/3
   165 | D:1      | Reached XP level 2. HP: 15/23 MP: 2/4
   854 | D:1      | Reached XP level 3. HP: 28/28 MP: 6/6
   859 | D:1      | Learned a level 3 spell: Spider Form
  1349 | D:2      | Reached XP level 4. HP: 28/36 MP: 8/8
  2629 | D:3      | Gained mutation: You have sharp toenails. [potion of mutation]
  2629 | D:3      | Gained mutation: You are weak. (Str -2) [potion of mutation]
  2629 | D:3      | Gained mutation: Your spells are a little harder to cast, but a little more powerful. [potion of mutation]
  2630 | D:3      | Gained mutation: Your flesh is cold resistant. [potion of mutation]
  2630 | D:3      | Gained mutation: Your wings are large and strong. [potion of mutation]
  2630 | D:3      | Gained mutation: You have difficulty communicating with the divine. [potion of mutation]
  2910 | D:3      | You fall through a shaft!
  2963 | D:4      | Found a glowing silver altar of Zin.
  3087 | D:3      | Reached XP level 5. HP: 41/41 MP: 9/9
  3260 | D:4      | Noticed Menkaure
  3277 | D:4      | Killed Menkaure
  3277 | D:4      | Reached skill level 4 in Unarmed Combat
  3363 | D:4      | Found a staircase to the Ecumenical Temple.
  3393 | Temple   | Entered the Ecumenical Temple
  3499 | D:4      | Reached XP level 6. HP: 40/50 MP: 8/12
  3542 | D:4      | Noticed Blork the orc
  3551 | D:4      | Killed Blork the orc
  3642 | D:4      | Found a shimmering altar of Xom.
  3642 | D:4      | Noticed an ogre
  3746 | D:4      | Killed an ogre
  3746 | D:4      | Your scales start taking on a lurid green colour.
  3746 | D:4      | Gained mutation: Your system is resistant to poisons. [draconian maturity]
  3746 | D:4      | Reached XP level 7. HP: 5/56 MP: 11/15
  4060 | D:4      | Noticed Grinder
  4076 | D:4      | Killed Grinder
  4076 | D:4      | Reached skill level 5 in Unarmed Combat
  4278 | D:4      | Reached skill level 5 in Transmutations
  4551 | D:5      | Entered Level 5 of the Dungeon
  4624 | D:5      | Found a sacrificial altar of Ru.
  4643 | D:5      | Mangled by an orc warrior

Action                   |  1- 3 |  4- 6 |  7- 9 || total
-------------------------+-------+-------+-------++-------
Melee: Dagger            |   152 |   253 |    68 ||   473
       Unarmed           |    24 |    66 |    29 ||   119
 Cast: Beastly Appendage |     4 |     2 |       ||     6
       Spider Form       |     3 |    12 |     3 ||    18
 Abil: End Transformatio |     1 |     1 |       ||     2
  Use: Scroll            |       |     8 |       ||     8
       Potion            |       |     8 |     1 ||     9
  Eat: Chunk             |     2 |     9 |     4 ||    15
       Fruit             |       |     1 |       ||     1
